AoeStats
← christar123 ten

Pilgrims

507963993Analyzed
4v4 RM · 12d ago on Sep 20, 2026· 18m 14s· 8 players
Game mode
Random Map
Map size
Large (8 player)
Population
200
Speed
Normal
Resources
Standard
Victory
Conquest
Starting age
Dark Age
Ending age
Imperial Age
RankedLock teamsTeams togetherTeam positionsShared explorationLock speedFull tech treeHidden civsTurbo modeCheats
Victory
Defeat
🇬🇧 Khmer · United Kingdom
1477
+15
🇨🇳 Portuguese · China
1457
+16
🇬🇧 Dravidians · United Kingdom
1456
+16
🇺🇸 Wu · United States
1432
+17
1506
-19
🇭🇰 Lithuanians · Hong Kong SAR China
1491
-17
🇹🇼 Italians · Taiwan
1412
-14
🇮🇳 Slavs · India
1400
-14
darkwwww2015
9:46 Feudal Age
10:20 Double-Bit Axe
10:52 Fishing Lines
13:14 Loom
16:13 Wheelbarrow
18:38 Castle Age
18:31 Forging
18:11 Fletching
busy pushing deer
12:36 Feudal Age
13:56 Town Watch
16:41 Castle Age
14:31 Double-Bit Axe
15:13 Fishing Lines
17:43 Bow Saw
17:52 Fletching
18:07 Gold Mining
18:07 Stone Mining
2067
7:29 Loom
12:47 Feudal Age
17:19 Castle Age
15:41 Double-Bit Axe
16:35 Gold Mining
17:45 Town Watch
18:51 Bow Saw
christar123 ten
8:09 Loom
10:31 Feudal Age
14:38 Castle Age
13:01 Double-Bit Axe
18:01 Wheelbarrow
17:55 Bow Saw
天線小號
5:48 Loom
10:20 Feudal Age
11:07 Town Watch
13:58 Double-Bit Axe
14:51 Fletching
16:41 Horse Collar
20:00 Castle Age
mc 88
11:56 Loom
15:33 Feudal Age
17:06 Double-Bit Axe
あおぞら ひかり
6:28 Loom
15:22 Feudal Age
19:10 Castle Age
GhosT
10:34 Feudal Age
11:55 Town Watch
11:56 Loom
14:47 Fletching
19:08 Castle Age
Connection lost

Rejoining the realm…

Still unreachable

The connection could not be restored.

Session expired

The server has moved on; the page needs a fresh start.